 Dungeon Crawl Stone Soup version 0.31.0-9-g3a7656b989 (webtiles) character file.

Game seed: 15065846018134014078

1894 qw the Skirmisher (level 8, 0/48 HPs)
             Began as a Deep Elf Hunter on Feb 2, 2024.
             Was an Initiate of Okawaru.
             Slain by an ogre
             ... wielding a +0 giant spiked club
              (33 damage)
             ... on level 6 of the Dungeon.
             The game lasted 00:00:25 (4541 turns).

qw the Skirmisher (Deep Elf Hunter)                 Turns: 4541, Time: 00:00:25

Health: 0/48       AC: 10    Str: 10    XL:     8   Next: 93%
Magic:  10/10      EV: 12    Int: 15    God:    Okawaru [......]
Gold:   225        SH:  0    Dex: 18    Spells: 7/7 levels left

rFire   . . .        a - +0 shortbow (elec)
rCold   . . .        (shield currently unavailable)
rNeg    . . .        b - +0 ring mail of Autumn {rPois Will+ SInv}
rPois   +            f - +1 helmet
rElec   .            g - +2 cloak
rCorr   .            (no gloves)
SInv    +            (no boots)
Will    +....        (no amulet)
Stlth   +            (no ring)
HPRegen 0.28/turn    (no ring)
MPRegen 0.12/turn

%: no passive effects
@: no status effects
A: no striking features
a: Renounce Religion


You were on level 6 of the Dungeon.
You worshipped Okawaru.
Okawaru was noncommittal.
You visited 2 branches of the dungeon, and saw 7 of its levels.

You collected 225 gold pieces.


   Skills:
 - Level 3.7 Fighting
 - Level 14.0 Ranged Weapons
 - Level 1.0 Armour
 + Level 4.6 Dodging
 - Level 1.2 Stealth


You had 7 spell levels left.
You didn't know any spells.
Your spell library was empty.

Inventory:

Hand Weapons
 a - a +0 shortbow of electrocution (weapon)
Armour
 b - the +0 ring mail of Autumn (worn) {rPois Will+ SInv}
   (You found it on level 2 of the Dungeon)

   rPois:     It protects you from poison Will+: It increases your willpower.
   SInv:      It lets you see invisible.
 f - a +1 helmet (worn)
 g - a +2 cloak (worn)
Wands
 l - a wand of iceblast (2)
 m - a wand of flame (10)
 p - a wand of digging (6)
Scrolls
 i - 2 scrolls of teleportation
Potions
 c - a potion of mutation
 d - a potion of might {unknown}
 e - a potion of curing
 h - 2 potions of enlightenment
 j - a potion of invisibility {unknown}
 k - 2 potions of heal wounds {unknown}
 n - 2 potions of cancellation {unknown}
 o - a potion of haste {unknown}

Dungeon Overview and Level Annotations

Branches:
Dungeon (6/15)             Temple (1/1) D:5

Altars:
Ashenzari
Cheibriados
Dithmenos
Elyvilon
Fedhas
Gozag
Hepliaklqana
Kikubaaqudgha
Makhleb
Nemelex Xobeh
Okawaru
Qazlal
Sif Muna
Trog
Vehumet
Wu Jian
Xom
Yredelemnul
Zin
The Shining One

Annotations:
D:3 2 runed translucent doors, qw's ghost, amateur DEHu
D:4 3 runed translucent doors, qw's ghost, novice GrHu


Message History

You kill the orc!
Okawaru accepts your kill.
You start resting.
HP restored.
You see here a +3 hand axe.
There is an open door, spattered with blood here.
Items here: %% )))) [.
p - a wand of digging (6)
Enter note:
Enter note:
Enter note:
Enter note:
There is an open door here.
Found an escape hatch in the ceiling.
An ogre and a scorpion come into view.
The ogre shouts!
There is an escape hatch in the ceiling here.
You shoot an arrow. The arrow hits the scorpion.
Lightning courses through the scorpion!
You kill the scorpion!
Okawaru accepts your kill.
You hear a shout!
You shoot an arrow.
The arrow hits the ogre but does no damage.
You shoot an arrow.
The arrow hits the ogre but does no damage.
The ogre barely misses you.
You shoot an arrow. The arrow barely misses the ogre.
You shoot an arrow. The arrow hits the ogre.
The ogre is lightly wounded.
The ogre hits you with a +0 giant spiked club!
You shoot an arrow.
The arrow hits the ogre but does no damage.
Lightning courses through the ogre!!
The ogre is severely wounded.
An orc comes into view. It is wielding a +0 trident.
You shoot an arrow. The arrow barely misses the ogre.
The ogre hits you with a +0 giant spiked club!!
Ouch! That really hurt!
You die...

.........# .........#
.........# .........#
.........# ## .........#
.# ## ........## .# ..
###.....#########.###...
..
........'.......@.......
..
###.....#########O###...
#.....
##.....##.......o..
#.....
........'...^.....#.#
#.....
####....##.....##.#.#
#.# #.....
..............<.#.# #
#.# #.....
..(.....####.##.#.#
####.# #.....
........'?......#.#
..##.# #.....
....[...####....#.#
#.##.###.....


You could see an ogre and an orc.

Vanquished Creatures
  Grinder (D:4)
  A hornet (D:5)
  Sigmund (D:2)
  An acid dragon (D:5)
  3 ogres
  A centaur (D:4)
  A phantom (D:3)
  A gnoll sergeant (D:5)
  A bullfrog (D:6)
  2 scorpions
  2 bombardier beetles
  A jelly (D:6)
  3 hounds
  An orc priest (D:4)
  A sleepcap (D:5)
  Ijyb (D:4)
  Terence (D:3)
  5 orc wizards
  Robin (D:2)
  5 gnolls (D:5)
  2 adders
  A shadow imp (D:6)
  2 dart slugs (D:4)
  A ribbon worm (D:2)
  16 orcs
  A bat (D:1)
  3 endoplasms
  4 giant cockroaches
  15 goblins
  8 hobgoblins
  4 kobolds
  A quokka (D:3)
  5 ball pythons
  A frilled lizard (D:1)
  3 rats
101 creatures vanquished.

Notes
Turn   | Place    | Note
-------+----------+-------------------------------------------
     0 | D:1      | qw the Deep Elf Hunter began the quest for the Orb.
     0 | D:1      | Reached XP level 1. HP: 12/12 MP: 3/3
     0 | D:1      | 0 ||| qw: Version: 0.3-a-155-g5e7d8dd
     0 | D:1      | 0 ||| qw: Game counter: 337
     0 | D:1      | 0 ||| qw: Melee chars always use a shield: true
     0 | D:1      | 0 ||| qw: God list: Okawaru
     0 | D:1      | 0 ||| qw: Allow faded altars: false
     0 | D:1      | 0 ||| qw: Do Orc after clearing Dungeon:15 true
     0 | D:1      | 0 ||| qw: Do second Lair branch before Depths: true
     0 | D:1      | 0 ||| qw: Lair rune preference: random
     0 | D:1      | 0 ||| qw: Goals: Normal
     0 | D:1      | 0 ||| PLANNING D:1-11
   446 | D:1      | Reached skill level 6 in Ranged Weapons
   446 | D:1      | Reached XP level 2. HP: 15/16 MP: 4/4
   575 | D:1      | 575 ||| UPGRADING to +0 cloak.
   580 | D:1      | 580 ||| DROPPING amulet of magic regeneration.
   581 | D:1      | 581 ||| READING scroll labelled JUFISO KEONATU.
   581 | D:1      | 581 ||| ENCHANTING +0 cloak.
   582 | D:1      | 582 ||| READING 2 scrolls labelled ISIFFU EHIY.
   582 | D:1      | 582 ||| IDENTIFYING scroll labelled YJUIGU UZIUCEA
   583 | D:1      | 583 ||| READING scroll of identify.
   583 | D:1      | 583 ||| IDENTIFYING scroll labelled KENGYT CENTELU
   584 | D:1      | 584 ||| READING scroll labelled RESORO VEMEOD.
   585 | D:1      | 585 ||| DROPPING scroll of butterflies.
   586 | D:1      | 586 ||| DROPPING scroll of poison.
   657 | D:2      | 657 ||| RETREEEEATING.
   658 | D:2      | Noticed Robin
   664 | D:2      | 664 ||| RETREEEEATING.
   665 | D:2      | 665 ||| RETREEEEATING.
   680 | D:2      | Reached XP level 3. HP: 7/20 MP: 5/5
   686 | D:2      | HP: 3/20 [Robin/+0 whip (4)]
   687 | D:2      | 687 ||| READING scroll of teleportation.
   688 | D:2      | HP: 1/20 [Robin/+0 whip (2)]
   775 | D:2      | Found a faded altar of an unknown god.
   778 | D:2      | Noticed Sigmund
   784 | D:2      | Killed Sigmund
   785 | D:2      | Reached skill level 8 in Ranged Weapons
   785 | D:2      | Reached XP level 4. HP: 25/25 MP: 6/6
   785 | D:2      | Reached XP level 5. HP: 29/29 MP: 7/7
   789 | D:2      | Identified the +0 ring mail of Autumn {rPois Will+ SInv}
  1013 | D:2      | Killed Robin
  1014 | D:2      | Reached skill level 9 in Ranged Weapons
  1018 | D:2      | 1018 ||| READING scroll of enchant armour.
  1018 | D:2      | 1018 ||| ENCHANTING +1 cloak.
  1409 | D:2      | 1409 ||| UPGRADING to +0 ring mail of Autumn {rPois Will+
                  | SInv}.
  1419 | D:2      | 1419 ||| DROPPING +0 leather armour.
  1420 | D:2      | 1420 ||| UPGRADING to +0 helmet.
  1425 | D:2      | 1425 ||| READING scroll of identify.
  1425 | D:2      | 1425 ||| IDENTIFYING metallic cyan potion
  1426 | D:2      | 1426 ||| READING scroll labelled FUGRUA TAYHA.
  1426 | D:2      | 1426 ||| BRANDING +0 shortbow.
  1427 | D:2      | 1427 ||| DROPPING potion of lignification.
  1540 | D:3      | Noticed a phantom
  1555 | D:3      | Killed a phantom
  1556 | D:3      | Reached XP level 6. HP: 28/36 MP: 8/8
  1647 | D:3      | Found a runed translucent door.
  1654 | D:3      | Noticed qw's ghost (amateur DEHu)
  1666 | D:3      | Found a runed translucent door.
  1734 | D:3      | You fall into a shaft and drop 1 floor!
  1771 | D:4      | Reached skill level 1 in Armour
  1825 | D:4      | 1825 ||| DROPPING +2 leather armour of willpower.
  1826 | D:4      | 1826 ||| READING scroll of identify.
  1826 | D:4      | 1826 ||| IDENTIFYING orange potion
  1827 | D:4      | 1827 ||| READING scroll labelled FOLEJ FIMAFUI.
  1828 | D:4      | 1828 ||| DROPPING potion of ambrosia.
  1829 | D:4      | Noticed Grinder
  1835 | D:4      | 1835 ||| STAIRDANCE
  2066 | D:3      | Noticed Terence
  2080 | D:3      | Killed Terence
  2193 | D:4      | Killed Grinder
  2194 | D:4      | Reached skill level 10 in Ranged Weapons
  2194 | D:4      | Reached XP level 7. HP: 33/40 MP: 9/9
  2233 | D:4      | Found a shadowy altar of Dithmenos.
  2241 | D:4      | Found a runed translucent gate.
  2242 | D:4      | Found a runed translucent gate.
  2242 | D:4      | Found a runed translucent gate.
  2247 | D:4      | 2247 ||| READING scroll of brand weapon.
  2247 | D:4      | 2247 ||| BRANDING +0 shortbow of freezing.
  2250 | D:4      | Noticed qw's ghost (novice GrHu)
  2437 | D:4      | Reached skill level 3 in Dodging
  2500 | D:4      | Reached skill level 11 in Ranged Weapons
  2639 | D:4      | Noticed Ijyb
  2646 | D:4      | Killed Ijyb
  2771 | D:4      | 2771 ||| READING scroll labelled OCHIEH XEVI.
  2772 | D:4      | 2772 ||| READING scroll labelled LIATHI QIMUS.
  2789 | D:5      | Entered Level 5 of the Dungeon
  2915 | D:5      | Reached skill level 12 in Ranged Weapons
  2937 | D:5      | Noticed a hornet
  2938 | D:5      | 2938 ||| ZAPPING wand of iceblast (5) at -5,1 (hornet;
                  | floor).
  2939 | D:5      | 2939 ||| ZAPPING wand of iceblast (4) at -4,0 (hornet;
                  | floor).
  2940 | D:5      | 2940 ||| ZAPPING wand of iceblast (3) at -2,0 (hornet;
                  | floor).
  2940 | D:5      | Killed a hornet
  2941 | D:5      | Reached skill level 3 in Fighting
  2941 | D:5      | Reached XP level 8. HP: 48/48 MP: 10/10
  3053 | D:5      | 3053 ||| RETREEEEATING.
  3054 | D:5      | 3054 ||| RETREEEEATING.
  3055 | D:5      | 3055 ||| RETREEEEATING.
  3056 | D:5      | 3056 ||| RETREEEEATING.
  3301 | D:5      | 3301 ||| FLEEEEING.
  3302 | D:5      | 3302 ||| FLEEEEING.
  3303 | D:5      | 3303 ||| FLEEEEING.
  3304 | D:5      | 3304 ||| FLEEEEING.
  3305 | D:5      | 3305 ||| FLEEEEING.
  3306 | D:5      | 3306 ||| FLEEEEING.
  3307 | D:5      | 3307 ||| FLEEEEING.
  3308 | D:5      | 3308 ||| FLEEEEING.
  3309 | D:5      | 3309 ||| FLEEEEING.
  3310 | D:5      | 3310 ||| FLEEEEING.
  3311 | D:5      | 3311 ||| FLEEEEING.
  3312 | D:5      | 3312 ||| FLEEEEING.
  3313 | D:5      | 3313 ||| FLEEEEING.
  3314 | D:5      | 3314 ||| FLEEEEING.
  3315 | D:5      | 3315 ||| STAIRDANCE
  3424 | D:4      | 3424 ||| READING scroll of identify.
  3424 | D:4      | 3424 ||| IDENTIFYING fizzy white potion
  3425 | D:4      | 3425 ||| READING scroll labelled MUIXUKE IMOTY.
  3426 | D:4      | 3426 ||| READING scroll labelled ZEMIRCH KAGITECK.
  3527 | D:4      | 3527 ||| DRINKING 3 lumpy brown potions.
  3693 | D:5      | Found a staircase to the Ecumenical Temple.
  3694 | D:5      | 3694 ||| PLANNING TEMPLE
  3694 | D:5      | 3694 ||| DRINKING 2 smoky puce potions.
  3715 | Temple   | Entered the Ecumenical Temple
  3716 | Temple   | 3716 ||| PLANNING OKAWARU WORSHIP
  3725 | Temple   | Became a worshipper of Warmaster Okawaru
  3726 | Temple   | 3726 ||| PLANNING D:1-11
  3959 | D:6      | Reached skill level 13 in Ranged Weapons
  4080 | D:6      | 4080 ||| READING scroll of enchant armour.
  4080 | D:6      | 4080 ||| ENCHANTING +0 helmet.
  4146 | D:6      | Identified the +1 war axe of Wyrd {venom, rN+ Dex+5}
  4444 | D:6      | Reached skill level 14 in Ranged Weapons
  4541 | D:6      | Slain by an ogre

Levels and vault maps discovered:
D:1:      dpeg_arrival_tiny_f, layout_basic, minmay_pentomino_r4
D:2:      layout_basic, shapermc_ecumenical_altar_starsandcircs,
          minmay_misc_feat_roman, uniq_sigmund, uniq_robin
D:3:      layout_basic, ebering_ghost_sewer_f, uniq_terence
D:4:      minmay_angry_zag, layout_basic, mainiacjoe_overflow_catwalk,
          gammafunk_ghost_necromancy, uniq_grinder, uniq_ijyb
D:5:      layout_gridville, temple_pool_b
D:6:      layout_basic
Temple:   hellmonk_temple_of_storms

Skill      XL: |  1  2  3  4  5  6  7  8 |
---------------+-------------------------+-----
Ranged Weapons | 6 8 9 10 12 14 | 14.0
Fighting       | 2 3 |  3.7
Armour         | 1 |  1.0
Dodging        | 3 4 |  4.6
Stealth        | |  1.2

Action                     |  1- 3 |  4- 6 |  7- 9 || total
---------------------------+-------+-------+-------++-------
   Fire: Shortbow          |    70 |   119 |   172 ||   361
  Evoke: Wand              |       |       |     3 ||     3
    Use: Scroll            |     5 |     5 |     7 ||    17
         Potion            |       |       |     2 ||     2
 Armour: Leather armour    |    34 |     1 |       ||    35
         Ring mail         |       |    16 |    47 ||    63
  Dodge: Dodged            |    20 |    28 |    28 ||    76

Table legend:
 A = Non-vault XP
 B = Vault XP
 C = Vault XP percentage of total XP
 D = Non-vault monster count
 E = Vault monster count
 F = Vault count percentage of total count
                 A         B        C        D         E       F
            +---------+---------+-------+---------+---------+-------
      Total |    2029 |     677 |  25.0 |      80 |      21 |  20.8
            +---------+---------+-------+---------+---------+-------
        D:1 |      15 |       2 |  11.8 |      10 |       1 |   9.1
        D:2 |      17 |     261 |  93.9 |       8 |      13 |  61.9
        D:3 |     143 |      36 |  20.1 |      13 |       1 |   7.1
        D:4 |     245 |     378 |  60.7 |      11 |       6 |  35.3
        D:5 |     960 |       0 |   0.0 |      19 |       0 |   0.0
        D:6 |     649 |       0 |   0.0 |      19 |       0 |   0.0
            +---------+---------+-------+---------+---------+-------
